Map: Terraform LE (Void)

Players

Nina (Lillekanin) - Winner!

  • Race: Terran Terran
  • League: Master

Jared

  • Race: Protoss Protoss
  • League: Master

Event: Lycan League Weekly August #3

VOD

Have the link to the VOD?

Description

Time

  • Played on: Aug. 17, 2015, 12:17 p.m.
  • Length: 4:05

All games in this series

Show
View Real Time Build Order
Export as new Build Order

Nina Terran - Winner!

Build Orders:  

Get SALT Encoding   

  12  0:11  Supply Depot  
  12  0:13  SCV  
  13  0:25  SCV  
  14  0:34  Barracks  
  14  0:39  Refinery  
  14  0:42  SCV  
  15  0:54  SCV  
  16  1:03  Barracks  
  16  1:06  SCV  
  18  1:21  Orbital Command  
  18  1:24  Barracks Reactor  
  17  1:36  Supply Depot  
  17  1:49  SCV  
  17  1:52  Barracks Tech Lab  
  18  2:00  Marine x2  
  20  2:01  SCV  
  21  2:08  Factory  
  21  2:14  SCV  
  22  2:17  Marauder  
  22  2:18  Marine  
  22  2:20  Marine  
  26  2:27  Supply Depot  
  26  2:35  Concussive Shells  
  26  2:36  Marine  
  27  2:37  SCV  
  27  2:38  Marine  
  29  2:46  Bunker  
  29  2:49  SCV  
  30  2:54  Marine  
  30  2:57  Marine  
  31  3:01  SCV  
  31  3:07  Marauder  
  33  3:13  SCV  
  33  3:17  Widow Mine  
  33  3:18  Marine  
  37  3:24  Marine  
  39  3:29  Bunker  
  39  3:35  Supply Depot  
  39  3:39  Refinery  
Show
View Real Time Build Order
Export as new Build Order

Jared Protoss 

Build Orders:  

Get SALT Encoding   

  12  0:00  Probe  
  13  0:14  Pylon  
  13  0:18  Probe  
  14  0:34  Gateway, Probe (Chrono Boost)  
  15  0:44  Probe (Chrono Boost)  
  16  0:51  Probe  
  16  0:54  Pylon  
  17  0:58  Assimilator  
  17  1:04  Probe  
  18  1:12  Gateway  
  18  1:24  Cybernetics Core  
  18  1:26  Probe  
  19  1:35  Gateway  
  19  1:46  Gateway  
  19  1:49  Probe  
  20  2:00  Adept (Chrono Boost)  
  22  2:03  Pylon  
  22  2:08  Warp Gate  
  22  2:20  Adept (Chrono Boost)  
  24  2:23  Adept (Chrono Boost)  
  28  2:40  Adept x2 (Chrono Boost)  
  32  2:45  Probe  
  32  2:50  Adept (Chrono Boost)  
  33  3:03  Adept (Chrono Boost)  
  37  3:17  Adept (Chrono Boost)  
  37  3:21  Probe  
  37  3:23  Adept (Chrono Boost)  
  38  3:34  Pylon  
  38  3:36  Pylon  
  38  3:50  Pylon  
  38  3:52  Probe  

Tags
 
Add a new tag
Caveats
  • Supply blocks, unpowered buildings, or Contaminate may cause inaccurate times.
  • Supply counts are checked every 10 seconds.